[Event "*** Titled Tuesday Blitz"]
[Site "Chess.com"]
[Date "2021.02.16"]
[Round "8"]
[White "Doudou2015"]
[Black "chesslh19"]
[Result "1/2-1/2"]
[WhiteElo "2055"]
[BlackElo "2216"]
[TimeControl "180+1"]
[EndTime "11:29:47 PST"]
[Termination "Game drawn - insufficient material"]

1. Nf3 d5 2. g3 Bg4 3. Bg2 c6 4. O-O Nd7 5. d3 Ngf6 6. Nbd2 e5 7. h3 Bxf3 8. Bxf3 Bc5 9. e4 dxe4 10. Nxe4 Nxe4 11.
Bxe4 O-O 12. Be3 Qb6 13. Qc1 Bd4 14. c3 Bxe3 15. fxe3 Nf6 16. Bg2 Rad8 17. d4 exd4 18. exd4 Qc7 19. Qg5 Qd6 20. Rae1 h6 21. Qf4 Qxf4 22.
Rxf4 Rfe8 23. Rff1 Kf8 24. Kf2 Rxe1 25. Rxe1 Re8 26.
Re3 Rxe3 27. Kxe3 Ke7 28. c4 Kd6 29. g4 g5 30. b4 b6 31. a3 Ng8 32. Ke4 Ne7 33.
Bf3 Ng6 34. Bg2 Nf4 35. Bf1 a5 36. Kf5 axb4 37. axb4 Ke7 38. Ke5 Ng6+ 39. Ke4 Nf4 40. Ke5 Ng6+ 41. Ke4 Kd6 42. c5+ bxc5 43. bxc5+ Ke7 44.
d5 cxd5+ 45. Kxd5 Kd7 46. Bb5+ Kc7 47. Ke4 Nf4 48. Kf5 Nxh3 49. Kf6 Nf2 50. Kxf7 Nxg4 51. Kg6 Ne5+ 52. Kh5 g4 53. Kh4 Nf3+ 54. Kxg4 Nd4 55. Ba4 Ne6 56. c6 Nd4 57. Kh5 Nxc6 58. Kxh6 1/2-1/2

[Event "*** Titled Tuesday Blitz"]
[Site "Chess.com"]
[Date "2021.02.16"]
[Round "8"]
[White "EvgenyT"]
[Black "Zkid"]
[Result "1-0"]
[WhiteElo "2946"]
[BlackElo "2819"]
[TimeControl "180+1"]
[EndTime "11:29:48 PST"]
[Termination "EvgenyT won on time"]

1. c4 e5 2. g3 Nc6 3. Bg2 g6 4. Nc3 Bg7 5. e3 f5 6. Nge2 Nf6 7. O-O O-O 8. Rb1 a5 9. a3 d6 10. d3 Ne7 11. b4 axb4 12. axb4 g5 13. f4 h6 14. b5 Ng6 15. Qd2 gxf4 16. exf4 h5 17. Bb2 h4 18. Nd5 hxg3 19. hxg3 Ng4 20. Ne3 exf4 21. Nxg4 fxg4 22. Bxg7 Kxg7 23. Nxf4 Nxf4 24. Rxf4 Rxf4 25. Qxf4 Qf6 26. Qe3 Ra2 27. d4 Qe6 28. Qg5+ Qg6 29. Qe7+ Qf7 30. Re1 Bf5 31. Bd5 Qxe7 32.
Rxe7+ Kf6 33. Rxc7 Rd2 34. Rf7+ Kg5 35. Rg7+ Kf6 36.
Rxb7 Rxd4 37. b6 Rd3 38. Kf2 Rd2+ 39. Ke1 Rb2 40. Rb8 Ke5 41. b7 Kd4 42. Re8 Rb1+ 43. Kf2 1-0

[Event "*** Titled Tuesday Blitz"]
[Site "Chess.com"]
[Date "2021.02.16"]
[Round "8"]
[White "Make_it_shine060"]
[Black "Walter_White_Poland"]
[Result "0-1"]
[WhiteElo "2184"]
[BlackElo "2354"]
[TimeControl "180+1"]
[EndTime "11:29:48 PST"]
[Termination "Walter_White_Poland won by resignation"]

1. d4 Nf6 2. c4 e6 3. Nf3 c5 4.
d5 exd5 5. cxd5 d6 6. Nc3 g6 7. e4 Bg7 8. h3 O-O 9. Bd3 b5 10. Nxb5 Re8 11. O-O Nxe4 12. Bxe4 Rxe4 13. Nd2 Rb4 14.
Nc3 Nd7 15. a3 Rd4 16. Qe2 a5 17. Nf3 Ba6 18. Qe1 Bxf1 19. Nxd4 cxd4 20. Ne4 Bc4 21. Bg5 f6 22. Nxd6 Bxd5 23. Bf4 Ne5 24. Nb5 Qb6 25.
a4 Re8 26. Qd1 f5 27. Nxd4 Rd8 28. Nb5 Bxg2 29. Qe2 Bf3 30. Qc2 Nd3 31. Qb3+ Kh8 32. Be3 Qc6 33. Qf7 Bh1 34. f3 Qxf3 0-1

[Event "*** Titled Tuesday Blitz"]
[Site "Chess.com"]
[Date "2021.02.16"]
[Round "8"]
[White "Aya5ian"]
[Black "ajedrez1101"]
[Result "0-1"]
[WhiteElo "2286"]
[BlackElo "2126"]
[TimeControl "180+1"]
[EndTime "11:29:48 PST"]
[Termination "ajedrez1101 won by resignation"]

1. Nf3 g6 2. d4 Bg7 3. c4 d6 4. e3 e5 5. Qc2 exd4 6. exd4 Qe7+ 7. Be3 Nf6 8. h3 Ne4 9. Bd3 Ng3 10. Rg1 Nf5 11.
Bxf5 Bxf5 12. Qd2 Nc6 13. Nc3 Nb4 14. g4 Nc2+ 15. Kd1 Nxe3+ 16. fxe3 Be4 17. Nxe4 Qxe4 18. Ng5 Qe7 19. h4 O-O-O 20. Kc2 Bf6 21. Raf1 h6 22. Nf3 Bxh4 23. Nxh4 Qxh4 24. Rxf7 Rhf8 25. Rgf1 Rxf7 26. Rxf7 Qxg4 27. Qa5 Qe2+ 28. Kb3 Qd3+ 29. Ka4 Qxc4+ 30. b4 Qc6+ 31. Ka3 Re8 32. Qb5 Rxe3+ 33. Ka4 Ra3+ 34. Kxa3 Qxb5 35. Rf8+ Kd7 36. Rf7+ Kc6 37. Rf3 Qd5 38.
Rd3 g5 39. Rc3+ Kd7 40. b5 Qxb5 41. Rb3 Qxb3+ 42. axb3 h5 43. d5 h4 0-1

[Event "*** Titled Tuesday Blitz"]
[Site "Chess.com"]
[Date "2021.02.16"]
[Round "8"]
[White "mishanick"]
[Black "KuzubovYuriy"]
[Result "1-0"]
[WhiteElo "3001"]
[BlackElo "2833"]
[TimeControl "180+1"]
[EndTime "11:29:49 PST"]
[Termination "mishanick won by resignation"]

1. e4 c5 2. Nf3 Nc6 3. d4 cxd4 4. Nxd4 Nf6 5. Nc3 e5 6. Ndb5 d6 7. Bg5 a6 8. Na3 b5 9. Bxf6 gxf6 10. Nd5 f5 11.
Bd3 Be6 12. c3 Bg7 13. Qh5 fxe4 14. Bxe4 Rc8 15. Nc2 Ne7 16. Nce3 Nxd5 17. Bxd5 Bxd5 18. Nxd5 O-O 19. Rd1 f5 20. O-O Kh8 21. f4 Qd7 22.
Kh1 Rce8 23. fxe5 Rxe5 24. Nf4 Kg8 25. Rd3 Re4 26. Rh3 h6 27. Rg3 Rfe8 28. h3 Rxf4 29.
Rxf4 Re1+ 30. Kh2 Qa7 31. Rd4 f4 32. Rg4 f3 33. gxf3 Re2+ 34. Kg3 d5 35. Qxd5+ Kh8 36. Qd8+ Kh7 37. Qd7 Qb8+ 38. Rdf4 Qg8 39. Rf7 Qb8+ 40. f4 Re3+ 41. Kf2 1-0

[Event "*** Titled Tuesday Blitz"]
[Site "Chess.com"]
[Date "2021.02.16"]
[Round "8"]
[White "MFBerna"]
[Black "anon102030"]
[Result "1-0"]
[WhiteElo "2504"]
[BlackElo "2690"]
[TimeControl "180+1"]
[EndTime "11:29:49 PST"]
[Termination "MFBerna won on time"]

1. e4 e5 2. Nf3 Nc6 3. Bc4 Bc5 4. O-O Nf6 5. Re1 d6 6. c3 O-O 7. h3 Be6 8. Bb3 d5 9. exd5 Bxd5 10. d3 Re8 11. Bg5 Bxb3 12. Qxb3 Bb6 13. Nbd2 Qxd3 14. Bxf6 gxf6 15. Ne4 Re6 16. Rad1 Qa6 17. Rd7 Rd8 18. Red1 Rxd7 19. Rxd7 Qe2 20. Qd5 f5 21. Neg5 Qxf2+ 22. Kh2 Ne7 23. Rd8+ Kg7 24. Nxe6+ fxe6 25. Qxe5+ Kf7 26.
Ng5+ Kg6 27. Qxe6+ Kxg5 28. Qxe7+ Kf4 29. Qb4+ Ke3 30.
Re8+ Kd3 31. Qb5+ Kd2 32. Rd8+ Kc1 33. Qd3 Be3 34. Qd1+ Kxb2 35. Qb3+ Ka1 36. Rd1+ 1-0

[Event "*** Titled Tuesday Blitz"]
[Site "Chess.com"]
[Date "2021.02.16"]
[Round "8"]
[White "Michaelson_11"]
[Black "Alex-11211"]
[Result "0-1"]
[WhiteElo "2268"]
[BlackElo "2402"]
[TimeControl "180+1"]
[EndTime "11:29:49 PST"]
[Termination "Alex-11211 won by checkmate"]

1. e4 g6 2. d4 Bg7 3. Nc3 c5 4. dxc5 Qa5 5. Ne2 Nf6 6. e5 Ne4 7. Qd4 Nxc3 8. Qxc3 Qxc3+ 9. Nxc3 Bxe5 10. Bd2 Na6 11. f4 Bd4 12. Bxa6 bxa6 13. Nd5 Rb8 14. Nc7+ Kf8 15. c3 Bxc5 16. O-O-O e6 17. f5 gxf5 18. Bh6+ Ke7 19. Rhe1 Kd8 20. Bf4 Rb6 21. b4 Be7 22. Na8 Rc6 23. Be5 Rg8 24. Rd3 Bb7 25. Red1 d5 26. Nc7 Rxc7 27. Bxc7+ Kxc7 28. c4 Bxb4 29. cxd5 Bxd5 30. g3 Kd6 31. Kb2 Rc8 32. a3 Ba5 33. Rb3 Bb6 34. a4 a5 35. Rbd3 Rc4 36. Kb3 Rb4+ 37. Ka3 Bc5 38. g4 Rb1# 0-1

[Event "*** Titled Tuesday Blitz"]
[Site "Chess.com"]
[Date "2021.02.16"]
[Round "8"]
[White "onetowin"]
[Black "LuisFSiles"]
[Result "0-1"]
[WhiteElo "2023"]
[BlackElo "2302"]
[TimeControl "180+1"]
[EndTime "11:29:50 PST"]
[Termination "LuisFSiles won by resignation"]

1. d4 Nf6 2. Nf3 g6 3. g3 Bg7 4.
Bg2 O-O 5. O-O d6 6. c4 c6 7. Nc3 Qa5 8. e4 e5 9. h3 exd4 10. Nxd4 Qc5 11. Qd3 Nbd7 12. f4 Nxe4 13. Be3 Nxg3 14.
Ne6 Qf5 15. Qxf5 Nxf5 16. Nxf8 Nxf8 17. Rfe1 Nxe3 18. Rxe3 Bd4 19. Kf2 Be6 20. b3 Re8 21. Re1 Bf5 22. Kf3 Bxe3 23. Rxe3 Ne6 24. Kg3 Rd8 25. Ne4 Kg7 26. Ng5 Nxg5 27. fxg5 Be6 28. Bf3 h6 29. Bg4 hxg5 30. Bxe6 Re8 31. Rd3 Rxe6 32.
Kg4 f6 33. c5 d5 34. b4 Re4+ 35. Kf3 Rxb4 36. Re3 Re4 37. Rb3 Re7 38. Kg4 Kh6 39. Kf3 f5 40. Kg3 Kh5 41. Kg2 f4 42.
a4 g4 43. hxg4+ Kxg4 44. a5 a6 45. Rb2 Re2+ 46. Rxe2 f3+ 47. Kf2 fxe2 48. Kxe2 Kg3 49. Ke3 g5 0-1

[Event "*** Titled Tuesday Blitz"]
[Site "Chess.com"]
[Date "2021.02.16"]
[Round "8"]
[White "dretch"]
[Black "Spalir"]
[Result "1-0"]
[WhiteElo "2849"]
[BlackElo "2671"]
[TimeControl "180+1"]
[EndTime "11:29:51 PST"]
[Termination "dretch won by resignation"]

1. d4 Nf6 2. c4 g6 3. Nc3 d5 4.
e3 Bg7 5. Qb3 c6 6. Nf3 O-O 7.
cxd5 cxd5 8. Be2 Nc6 9. O-O Na5 10. Qa3 Bf5 11. Ne5 a6 12. Bd2 Nc6 13. Nxc6 bxc6 14.
Rac1 Qd6 15. Na4 Qxa3 16. bxa3 Nd7 17. g4 Be6 18. Rxc6 Rfc8 19. Rfc1 Rxc6 20. Rxc6 a5 21. f3 Bh6 22. Kf2 Bg5 23. Ba6 Kg7 24. Bb7 Rb8 25. Rc7 Nf6 26. Nc5 Ne8 27. Na6 Rd8 28. Rc5 Nd6 29. Bxd5 Bxd5 30. Rxd5 Ra8 31. Nc5 Bh4+ 32. Ke2 Nc4 33. Bc1 Rb8 34. Kd3 Nb6 35. Nd7 Nxd7 36.
Rxd7 Be1 37. Rc7 Bf2 38. Rc2 Bh4 39. Bb2 Rb5 40. Bc3 h5 41. a4 Rb1 42. gxh5 gxh5 43.
Bxa5 Rd1+ 44. Bd2 Bf2 45. Ke2 1-0

[Event "*** Titled Tuesday Blitz"]
[Site "Chess.com"]
[Date "2021.02.16"]
[Round "8"]
[White "m_ezat"]
[Black "Rodalquilar"]
[Result "0-1"]
[WhiteElo "2484"]
[BlackElo "2661"]
[TimeControl "180+1"]
[EndTime "11:29:51 PST"]
[Termination "Rodalquilar won on time"]

1. d4 d5 2. c4 e6 3. Nc3 a6 4. Nf3 Nf6 5. cxd5 exd5 6. Bg5 Be6 7. e3 Nbd7 8. Bd3 Bd6 9. O-O c6 10. Bh4 h6 11. Rb1 Qc7 12. Bg3 Bxg3 13. hxg3 O-O 14. b4 b6 15. Rc1 Rfc8 16. Qe2 Qa7 17. Ne5 Nxe5 18. dxe5 Nd7 19. f4 f5 20. g4 fxg4 21.
f5 Nxe5 22. fxe6 Qe7 23. Bxa6 Re8 24. b5 Qh4 25. Rf4 g5 26. Ra4 cxb5 27. Qxb5 Qg3 28.
Rf1 Nf3+ 29. Rxf3 gxf3 30. Qf1 Rf8 31. Qf2 Qe5 32. e7 Qxe7 33. Nxd5 Qd7 34. e4 Qxa4 35. gxf3 Rxa6 0-1

[Event "*** Titled Tuesday Blitz"]
[Site "Chess.com"]
[Date "2021.02.16"]
[Round "8"]
[White "AniJak"]
[Black "JiiHart"]
[Result "1-0"]
[WhiteElo "2321"]
[BlackElo "2113"]
[TimeControl "180+1"]
[EndTime "11:29:52 PST"]
[Termination "AniJak won by resignation"]

1. e4 e5 2. Nf3 Nc6 3. Bb5 a6 4. Ba4 Nf6 5. O-O Nxe4 6. d4 b5 7. Bb3 d5 8. dxe5 Be6 9. Re1 Bc5 10. Be3 O-O 11. Bxc5 Nxc5 12. Nd4 Nxd4 13. Qxd4 Qe7 14. Nc3 Nxb3 15. axb3 c5 16. Qf4 b4 17. Ne2 h6 18.
Ng3 Qg5 19. Qf3 Qg4 20. Qxg4 Bxg4 21. Ra5 Rfc8 22. Rea1 Rc6 23. f3 Bc8 24. Nf1 Bb7 25. Ne3 Rc7 26. Rd1 Rd8 27. Nc4 f6 28. exf6 gxf6 29. Ne3 Kf7 30. Kf2 h5 31. Raa1 Rcd7 32. Rd2 Ke6 33. g3 Kf7 34. Ng2 c4 35. Nf4 cxb3 36. cxb3 h4 37. gxh4 d4 38. h5 Bc6 39.
Rxa6 Bb5 40. Rb6 Rd5 41. Nxd5 Rxd5 42. h6 Kg6 43. Kg3 Kh7 44. Kf4 Kg6 45. Ke4 Kxh6 46.
Kxd5 Kg6 47. Rxd4 1-0

[Event "*** Titled Tuesday Blitz"]
[Site "Chess.com"]
[Date "2021.02.16"]
[Round "8"]
[White "Gerodot71"]
[Black "ARTHURMOTIVATOR"]
[Result "0-1"]
[WhiteElo "2452"]
[BlackElo "2339"]
[TimeControl "180+1"]
[EndTime "11:29:53 PST"]
[Termination "ARTHURMOTIVATOR won by resignation"]

1. d4 Nf6 2. c4 c5 3. d5 g6 4. Nc3 Bg7 5. e4 d6 6. Nf3 O-O 7. h3 e6 8. Bd3 Na6 9. O-O e5 10. a3 h6 11. Rb1 Ne8 12. b4 f5 13.
Nd2 Nf6 14. f3 Nh5 15. Nb3 Nf4 16. bxc5 Qg5 17. Bxf4 exf4 18. e5 Bxe5 19. Nb5 Nxc5 20.
Nxc5 dxc5 21. Re1 Qf6 22. d6 Bxd6 23. Bf1 Bb8 24. Qd5+ Qf7 25. Qxc5 Be6 26. Nd4 Bc8 27. Qb4 a5 28. Qc3 Ba7 29. c5 Qc7 30. Rec1 Bd7 31. Bc4+ Kh7 32. Bb5 Rac8 33. Bxd7 Qxd7 34. Kh1 Rxc5 35.
Qe1 Rxc1 36. Rxc1 Bxd4 37. Rd1 Qg7 38. Qxa5 Be3 39. Qb4 Rf7 40. Qb5 Re7 41. Rd8 Qa1+ 42. Kh2 0-1

[Event "*** Titled Tuesday Blitz"]
[Site "Chess.com"]
[Date "2021.02.16"]
[Round "8"]
[White "olksuna"]
[Black "Salem-AR"]
[Result "0-1"]
[WhiteElo "2689"]
[BlackElo "2903"]
[TimeControl "180+1"]
[EndTime "11:29:54 PST"]
[Termination "Salem-AR won on time"]

1. e4 c5 2. Nf3 d6 3. d4 cxd4 4. Nxd4 Nf6 5. Nc3 a6 6. Be2 e5 7.
Nf3 h6 8. a4 Be6 9. Nd2 Nbd7 10.
Nc4 Nc5 11. f3 Rc8 12. Ne3 Be7 13. O-O O-O 14. Kh1 Ncd7 15. Qd3 Qc7 16. Rd1 Rfd8 17. a5 Nf8 18. Ncd5 Nxd5 19. exd5 Bd7 20. c4 Ng6 21. Nf5 Bf8 22. b4 Rb8 23. Be3 Qc8 24. g4 Nf4 25. Bxf4 exf4 26. Rac1 Re8 27. Bf1 g6 28. Nh4 Re3 29.
Qd4 Be7 30. Qxf4 Bg5 31. Qg3 b6 32. Ng2 Rb3 33. axb6 Bxc1 34. Rxc1 Rxb6 35. c5 R3xb4 36. c6 Rb1 37. Qe1 Rxc1 38. Qxc1 Bxc6 39. dxc6 Rxc6 40.
Qxh6 Rc1 41. Kg1 Qc5+ 42. Qe3 a5 43. Kf2 a4 0-1

[Event "*** Titled Tuesday Blitz"]
[Site "Chess.com"]
[Date "2021.02.16"]
[Round "8"]
[White "MIJuanReyesRosa"]
[Black "catzapto"]
[Result "1-0"]
[WhiteElo "2115"]
[BlackElo "2093"]
[TimeControl "180+1"]
[EndTime "11:29:55 PST"]
[Termination "MIJuanReyesRosa won on time"]

1. d4 Nf6 2. Nf3 e6 3. c4 d5 4. Nc3 Bb4 5. Bg5 c6 6. e3 Qa5 7. Bxf6 Bxc3+ 8. bxc3 Qxc3+ 9. Nd2 gxf6 10. Rc1 Qa5 11.
Bd3 Na6 12. O-O e5 13. cxd5 cxd5 14. Nb3 Qb6 15. Qe2 e4 16. Bb5+ Kf8 17. Bxa6 Qxa6 18. Qh5 f5 19. Rc7 Qg6 20. Qh4 Rg8 21. Qe7+ Kg7 22.
Qe5+ Kh6 23. Qf4+ Kh5 24. g3 Qg4 25. Qd6 Be6 26. Nc5 Rad8 27. Qe5 Rde8 28. Rxb7 Qg7 29. Nxe6 Qxe5 30. dxe5 fxe6 31. Rxh7+ Kg6 32. Rxa7 Rh8 33. Rc1 1-0

[Event "*** Titled Tuesday Blitz"]
[Site "Chess.com"]
[Date "2021.02.16"]
[Round "8"]
[White "Vugar_Manafov"]
[Black "IMAghasiyevKamal"]
[Result "1-0"]
[WhiteElo "2665"]
[BlackElo "2536"]
[TimeControl "180+1"]
[EndTime "11:29:56 PST"]
[Termination "Vugar_Manafov won by checkmate"]

1. Nf3 d5 2. g3 Nf6 3. Bg2 e6 4. O-O Be7 5. d3 O-O 6. Nc3 Nc6 7. e4 dxe4 8. dxe4 e5 9. Bg5 Be6 10. Re1 Nd7 11. Bxe7 Qxe7 12. Nd5 Qd8 13. Qd2 f6 14. Rad1 Nb6 15. Qe2 Nd7 16. c3 Ne7 17. Nh4 c6 18. Nxe7+ Qxe7 19. Nf5 Bxf5 20. exf5 Nb6 21.
Rd3 Rad8 22. Red1 Rxd3 23. Qxd3 Rc8 24. b4 Rc7 25. Qc2 Rd7 26. a4 Qd8 27. Rxd7 Qxd7 28. a5 Nc4 29. Qb3 Qf7 30. a6 bxa6 31. Bxc6 Kf8 32.
Qa4 Qc7 33. Qxa6 Nd6 34. g4 g6 35. fxg6 hxg6 36. Kf1 Kg7 37. h3 e4 38. Ke2 Qe7 39. Qa5 f5 40. Qd5 f4 41. Qd4+ Kh6 42. c4 f3+ 43.
Kf1 Qg5 44. Qh8# 1-0

[Event "*** Titled Tuesday Blitz"]
[Site "Chess.com"]
[Date "2021.02.16"]
[Round "8"]
[White "azikom"]
[Black "onnoelgersma"]
[Result "1-0"]
[WhiteElo "2644"]
[BlackElo "2454"]
[TimeControl "180+1"]
[EndTime "11:29:56 PST"]
[Termination "azikom won by resignation"]

1. d4 d5 2. Nf3 e6 3. c4 Nf6 4. Nc3 a6 5. cxd5 exd5 6. Bg5 Be6 7. e3 Nbd7 8. Bd3 Bd6 9. O-O O-O 10. Bh4 c6 11. Rb1 Re8 12. Qc2 h6 13. Rfc1 Rc8 14.
Bg3 Bxg3 15. hxg3 Qe7 16. b4 b5 17. a4 Nb6 18. Qb3 Nc4 19. Re1 Bg4 20. Ra1 Ra8 21. Ra2 Nd7 22. e4 Bxf3 23. gxf3 Qf6 24. Kg2 Qxd4 25. Rd1 Qf6 26. exd5 Nde5 27. Be4 Rad8 28.
dxc6 Nxc6 29. Rxd8 Rxd8 30. axb5 axb5 31. Nxb5 N4e5 32. Ra6 Rd3 33. Ra8+ Nd8 34. Qb1 Rxf3 35. Rxd8+ Qxd8 36. Bxf3 Nxf3 37. Kxf3 Qb6 38. Qd3 g6 39. Qd5 Kg7 40. Kg2 Kh7 41. Qc5 Qb7+ 42. Kg1 h5 43. Nd4 h4 44. gxh4 Qe4 45. h5 gxh5 46. Qf5+ Qxf5 47.
Nxf5 Kg6 1-0

[Event "*** Titled Tuesday Blitz"]
[Site "Chess.com"]
[Date "2021.02.16"]
[Round "8"]
[White "Gulkov_Igor"]
[Black "GoltsevDmitry2000"]
[Result "1-0"]
[WhiteElo "2488"]
[BlackElo "2621"]
[TimeControl "180+1"]
[EndTime "11:29:56 PST"]
[Termination "Gulkov_Igor won on time"]

1. Nf3 d5 2. d4 c6 3. c4 Nf6 4.
Nc3 dxc4 5. a4 a5 6. e3 Na6 7. Bxc4 e6 8. O-O Nb4 9. Qe2 Be7 10. Rd1 Bd7 11. e4 O-O 12. Bg5 h6 13. Bh4 Ne8 14. Bxe7 Qxe7 15. e5 Nc7 16. Ne4 b5 17. Bb3 Ncd5 18.
g3 f6 19. Nd6 fxe5 20. dxe5 g5 21. Nd4 bxa4 22. Bxa4 Kg7 23. Nb3 Be8 24. Nc5 Bg6 25.
Rd4 Rab8 26. Rc1 Rb6 27. Bb3 Kh7 28. Ra1 Na6 29. Nxa6 Rxb3 30. Nc5 Rbf3 31. Nce4 Qa7 32. Rd3 Bh5 33. Qd2 Rxd3 34. Qxd3 Rf3 35. Nf6+ Kg7 36.
Qh7+ Kf8 37. Qg8+ Ke7 38. Qg7+ Kd8 39. Qxa7 1-0

[Event "*** Titled Tuesday Blitz"]
[Site "Chess.com"]
[Date "2021.02.16"]
[Round "8"]
[White "Dii210"]
[Black "zeitnot2006"]
[Result "0-1"]
[WhiteElo "2361"]
[BlackElo "2522"]
[TimeControl "180+1"]
[EndTime "11:29:56 PST"]
[Termination "zeitnot2006 won by checkmate"]

1. e4 c5 2. Nf3 e6 3. d4 cxd4 4. Nxd4 Nc6 5. Nb5 d6 6. c4 Nf6 7. N1c3 a6 8. Na3 Be7 9. Be2 O-O 10. O-O b6 11. Be3 Bb7 12. f3 Nd7 13. Qd2 Nc5 14. Rfd1 Qb8 15. Kh1 Rd8 16. Rac1 Bf6 17. Nc2 Qc7 18.
Bg5 Bxg5 19. Qxg5 Ne5 20. b4 Ncd7 21. Ne3 Nf6 22. a3 Rac8 23. f4 Ng6 24. Bd3 e5 25. f5 Nf4 26. Bb1 h6 27. Qg3 Qe7 28. Qf2 b5 29. Ncd5 Bxd5 30. cxd5 Qa7 31. Qd2 Qb7 32.
Nf1 Rxc1 33. Rxc1 Rc8 34. Rc3 Ng4 35. h3 Rxc3 36. Qxc3 Nf2+ 37. Kh2 Qb6 38. Ne3 N2d3 39. Ng4 Ne2 40. Qc8+ Kh7 41. h4 Qg1+ 42. Kh3 Qh1+ 43.
Nh2 Nf2# 0-1

[Event "*** Titled Tuesday Blitz"]
[Site "Chess.com"]
[Date "2021.02.16"]
[Round "8"]
[White "Hercog"]
[Black "awesomevishesh"]
[Result "1-0"]
[WhiteElo "2367"]
[BlackElo "2493"]
[TimeControl "180+1"]
[EndTime "11:29:56 PST"]
[Termination "Hercog won on time"]

1. d4 Nf6 2. c4 g6 3. Nc3 Bg7 4. e4 d6 5. f3 O-O 6. Be3 a6 7. Nge2 Nbd7 8. Qd2 c5 9. d5 Ne5 10. Ng3 b5 11. cxb5 h5 12. h4 Qa5 13. Be2 axb5 14.
Nxb5 Qb6 15. O-O Ba6 16. a4 Qb7 17. b3 Rfd8 18. Rac1 e6 19. dxe6 fxe6 20. Rfd1 Bxb5 21. Bxb5 Kh7 22. Ne2 d5 23. exd5 Rxd5 24. Qc2 Rad8 25. Nf4 Rxd1+ 26. Rxd1 Rxd1+ 27. Qxd1 Nd5 28. Nxd5 exd5 29.
Bxc5 Qa8 30. Qe1 Qd8 31. Bf2 Qc7 32. a5 Bf6 33. a6 Qb8 34. a7 Qb7 35. Qa5 Qa8 36. Qb6 d4 37. Qb8 1-0

[Event "*** Titled Tuesday Blitz"]
[Site "Chess.com"]
[Date "2021.02.16"]
[Round "8"]
[White "Azde"]
[Black "tusplingher"]
[Result "1-0"]
[WhiteElo "2429"]
[BlackElo "2265"]
[TimeControl "180+1"]
[EndTime "11:29:56 PST"]
[Termination "Azde won by resignation"]

1. d4 Nf6 2. c4 c5 3. dxc5 Na6 4. Be3 Ng4 5. Bd4 e5 6. Bc3 Bxc5 7. e3 d6 8. Be2 Nf6 9. Nd2 O-O 10. Ngf3 Bf5 11. O-O Re8 12. Re1 Bb4 13. Rc1 Bxc3 14. Rxc3 Nc5 15. b4 Na6 16. Qb3 d5 17. c5 d4 18. Rcc1 dxe3 19. fxe3 Nc7 20. Nc4 e4 21. Nd4 Be6 22. Red1 Bd5 23. a4 Qe7 24. Nf5 Qe6 25. Nfd6 Red8 26. Qb2 a6 27. b5 axb5 28. axb5 Nce8 29.
Nxe8 Nxe8 30. Nb6 Ra2 31. Qxa2 Bxa2 32. Rxd8 Qe7 33. Rcd1 g6 34. R1d7 Qe5 35. Nd5 Bxd5 36. Rxd5 Qa1+ 37. Kf2 Kf8 38. c6 bxc6 39. bxc6 Qc3 40.
Rc8 Qf6+ 41. Kg1 Ke7 42. Rd7+ Kf8 43. Rdd8 Qa1+ 44. Bf1 Ke7 45. Rxe8+ Kd6 46. Rxe4 Kd5 47. Rd4+ Ke5 48. c7 Qc3 49. Re8+ Kf5 50. c8=Q+ 1-0

[Event "*** Titled Tuesday Blitz"]
[Site "Chess.com"]
[Date "2021.02.16"]
[Round "8"]
[White "shaheus"]
[Black "vaishali2001"]
[Result "0-1"]
[WhiteElo "2419"]
[BlackElo "2588"]
[TimeControl "180+1"]
[EndTime "11:29:57 PST"]
[Termination "vaishali2001 won on time"]

1. e4 c5 2. Nf3 d6 3. c3 Nf6 4.
Qb3 Nc6 5. d4 cxd4 6. cxd4 e6 7.
Nc3 Be7 8. Bd3 O-O 9. O-O a6 10. a4 Bd7 11. Re1 b5 12. axb5 axb5 13. Rxa8 Qxa8 14.
e5 Nd5 15. Nxd5 exd5 16. Qxd5 Nb4 17. Qxa8 Rxa8 18. Bf1 Bc6 19. Ng5 dxe5 20. dxe5 Ra1 21. Bd2 Rxe1 22. Bxe1 Nc2 23. Bd2 Nd4 24. Bd3 h6 25.
Ne4 b4 26. f3 Kf8 27. Kf2 Nb3 28. Be3 Ke8 29. Bc4 Na5 30. Bd3 Kd7 31. Nc5+ Ke8 32. Na6 Kd7 33. Bc5 Bd8 34. Nxb4 Ba4 35. Bd4 Nb3 36. Bc3 Nc5 0-1

[Event "*** Titled Tuesday Blitz"]
[Site "Chess.com"]
[Date "2021.02.16"]
[Round "8"]
[White "HouseOfDurin"]
[Black "profofchess"]
[Result "0-1"]
[WhiteElo "2167"]
[BlackElo "2447"]
[TimeControl "180+1"]
[EndTime "11:29:57 PST"]
[Termination "profofchess won by checkmate"]

1. d4 Nf6 2. Bg5 Ne4 3. h4 h6 4. Bf4 Nc6 5. f3 Nf6 6. d5 e5 7. Bh2 Ne7 8. d6 cxd6 9. Qxd6 Ng6 10. Qd2 Bc5 11. h5 Nxh5 12. Bxe5 Nxe5 13. Rxh5 Qe7 14. Nh3 d6 15. e4 O-O 16. Nf2 f5 17. Nc3 f4 18. Nd5 Qf7 19. Rh4 Ng6 20. Rh2 Be6 21. O-O-O Bxd5 22. Qxd5 Qxd5 23. Rxd5 Bxf2 24. Bc4 Kh8 25. Rxd6 Ne5 26. Bd5 Rad8 27. Re6 Nc4 28. b3 Ne3 29. Bxb7 Rd1+ 30. Kb2 Nf1 31. Rh1 Bd4+ 32.
Ka3 Ne3 33. Rxd1 Nxd1 34. Rd6 Bc5+ 35. b4 Bxd6 36. Bd5 Ne3 37. c4 Nxg2 38. c5 Bc7 39.
b5 h5 40. Kb4 h4 41. a4 h3 42. a5 h2 43. b6 axb6 44. axb6 Bxb6 45. cxb6 h1=Q 46.
b7 Qb1+ 47. Kc5 Ne3 48. Kd6 Nxd5 49. exd5 Qxb7 50. Ke5 Re8+ 51. Kd4 Qd7 52. Kc5 Rd8 53. d6 Qxd6+ 54. Kc4 Rc8+ 55. Kb5 Qc6+ 56. Ka5 Ra8+ 57.
Kb4 Rb8+ 58. Ka5 Qa8# 0-1

[Event "*** Titled Tuesday Blitz"]
[Site "Chess.com"]
[Date "2021.02.16"]
[Round "8"]
[White "nrvisakh"]
[Black "stoleriu"]
[Result "1/2-1/2"]
[WhiteElo "2787"]
[BlackElo "2625"]
[TimeControl "180+1"]
[EndTime "11:29:58 PST"]
[Termination "Game drawn - insufficient material"]

1. Nf3 Nf6 2. g3 b5 3. Bg2 d5 4. O-O e6 5. d3 Be7 6. e4 O-O 7.
exd5 exd5 8. Re1 Re8 9. c4 c6 10. Nc3 b4 11. Na4 Bg4 12. h3 Bh5 13. g4 Bg6 14.
Ne5 Bd6 15. Bf4 Bxe5 16. Bxe5 Nbd7 17. d4 Nxe5 18. dxe5 Ne4 19. cxd5 cxd5 20. Qd4 Qa5 21. b3 Rad8 22. Rac1 Rc8 23. f4 h5 24. f5 Bh7 25.
Rxc8 Rxc8 26. Bxe4 dxe4 27. Qxe4 hxg4 28. hxg4 Re8 29.
Qc6 Qd8 30. e6 fxe6 31. Rxe6 Qd1+ 32. Kh2 Qd2+ 33. Kg3 Qd3+ 34. Qf3 Qxf3+ 35. Kxf3 Rxe6 36. fxe6 Kf8 37. Kf4 Ke7 38. Ke5 Bb1 39. Nc5 Bxa2 40. Kd5 a5 41. Kc4 a4 42. Nxa4 Kxe6 43. Kxb4 Ke5 44.
Nc3 Bxb3 45. Kxb3 Kf4 46. Kc4 Kxg4 47. Kd4 g5 48. Ne4 Kf4 49. Nxg5 1/2-1/2

[Event "*** Titled Tuesday Blitz"]
[Site "Chess.com"]
[Date "2021.02.16"]
[Round "8"]
[White "IsaacWiebe"]
[Black "TC2304"]
[Result "0-1"]
[WhiteElo "2227"]
[BlackElo "2362"]
[TimeControl "180+1"]
[EndTime "11:29:59 PST"]
[Termination "TC2304 won on time"]

1. e4 c5 2. Nf3 d6 3. d4 cxd4 4. Nxd4 Nf6 5. Nc3 a6 6. Bg5 e6 7. f4 Nbd7 8. Qf3 Qc7 9. O-O-O b5 10. f5 e5 11. Bxf6 Nxf6 12. Nde2 b4 13. Nd5 Nxd5 14.
Rxd5 Bb7 15. Rd1 Rc8 16. Qd3 Bc6 17. Kb1 Bb5 18. Qd2 a5 19. Nc1 Bc4 20. Bxc4 Qxc4 21. Rhe1 Be7 22. Qd3 Qc6 23. Nb3 a4 24. Na5 Qb6 25.
Nc4 Qc6 26. Ne3 O-O 27. Nd5 Bg5 28. Nxb4 Qb7 29. Nd5 Rc5 30. b3 Rfc8 31. c4 Rb8 32. Kb2 Bd8 33. b4 a3+ 34. Ka1 Rbc8 35. Rc1 R5c6 36. Rc2 Ra6 37. Rb1 Ra4 38. Qb3 Qa7 39.
b5 Bh4 40. b6 Qa6 41. b7 Rb8 0-1

[Event "*** Titled Tuesday Blitz"]
[Site "Chess.com"]
[Date "2021.02.16"]
[Round "8"]
[White "Sjakkerntobi"]
[Black "AlexSuv"]
[Result "0-1"]
[WhiteElo "2315"]
[BlackElo "2446"]
[TimeControl "180+1"]
[EndTime "11:30:00 PST"]
[Termination "AlexSuv won on time"]

1. e4 c5 2. Nf3 e6 3. d4 cxd4 4. Nxd4 Nc6 5. Nc3 Qc7 6. Be3 a6 7. Qf3 Nf6 8. O-O-O Rb8 9. Be2 Bb4 10. Na4 b5 11.
Nxc6 Qxc6 12. e5 Nd5 13. Nc3 Bxc3 14. bxc3 Qxc3 15. Bd4 Qxf3 16. Bxf3 Bb7 17. Bxd5 Bxd5 18. Bc5 Bxa2 19. Bd6 Rc8 20. Kb2 Bd5 21. Ra1 Bb7 22. f4 f6 23. Rhg1 Kf7 24. g4 Rc4 25.
Raf1 Rhc8 26. Rf2 b4 27. g5 f5 28. h4 Be4 29. Rc1 Kg6 30. Rh2 Kh5 31. Rd2 a5 32.
Rf2 a4 33. Rd2 a3+ 34. Kb3 Bd5 35. Ka4 Ra8+ 36. Kb5 a2 37. Ra1 Rxf4 38. g6 hxg6 39. Rdd1 Rxh4 40. Rg1 g5 41. Be7 Rg4 42. Rge1 Kg6 43.
Bd6 Rc8 44. Re3 Rxc2 45. Bxb4 Rb2 46. Kc5 Rbxb4 47. Kd6 Rb1 48. Rxa2 Bxa2 49. Rc3 Bd5 50. Ke7 Rc4 51. Rh3 g4 52. Rh2 g3 53. Rh3 g2 54.
Rg3+ Rg4 55. Rh3 g1=Q 56. Kf8 Qc5+ 57. Ke8 Qc8+ 58. Ke7 Qc5+ 59. Kd8 Rb8+ 60. Kxd7 Rb7+ 61. Kd8 Qe7+ 0-1